omghax, neutral male scurrid Tourist ---------------- ------------------------- |.+............. |...............!.......| |........x......... |......F.........}}>....| ---------n...<.}}}}.........f.. ---------ld...}}}}.....}}}}.....--------- |}}}....j}}}..}}}B}}........f.}}}}.........}}}..}}....}}..!}}}}.}}}}}}}}| |}}}....}}.}}}}..[P}}...}}}[.}n..}}}}}..}%}}}.........}}....}}}}}}...}}}| |}}}}}}}............}}}}}.}}}....B..}}}}}}}.@..........}}P.....!......}}| |}}}}}..........F....}}...............}}...}f}.........}}........(..}}}}| ---------.........%.ZZ........ ---------..l}........}}}}.......--------- |................ |...}}*....u}}.}........| -........}}} -....}}..}}}...(........- .........}} ......}}}}}}.....[?}}}..... |}}}}...... }}}}}....}}.}.....}}}...}}}....}}}| |}}}}} .j}}}}}.........}}}}........}}}}}}}| | .......}}}}}..}}}}.}}}}}....t...}}}}}| -------.....}}}....}}}}}}.....--------- |.........^.....}}......| |.......................| ------------------------- omghax the Rambler Experience level: 1 Strength: 15 Dexterity: 11 Constitution: 13 Intelligence: 12 Wisdom: 8 Charisma: 16 Health: 1(9) Energy: 2(2) Def: 0 Gold: 228 Moves: 37 Dungeon seed: QUrpvI8AoJlppYYN Game ID: omghax_1498613367 Your Inventory: Coins $ - 228 gold pieces Weapons a - 35 uncursed rusty +2 darts (in quiver) Armor n - an uncursed +0 Hawaiian shirt (being worn) Comestibles b - 10 uncursed food rations c - an uncursed cream pie Scrolls f - 3 uncursed scrolls of blank paper g - a blessed scroll of blank paper Potions d - an uncursed diluted potion of extra healing e - an uncursed potion of water Wands j - an uncursed wand of secret door detection (0:13) Tools h - an uncursed expensive camera (0:39) i - an uncursed credit card k - an uncursed tin opener Spells and supernatural/magical abilities: Name Level Category Fail Memory W - pray for help -- divine ? -- Your skills at the end: Miscellaneous Skills wands [Basic] Weapon Skills dart [Basic] Spellcasting Skills Final Attributes: You were devoutly aligned. You had infravision. You were very stealthy. You survived. Voluntary challenges: You went without food. You did not adorn yourself with jewelry or accessories. You did not cause conflict. You were not invisible. You did not have reflection. You were not displaced. You were an atheist. You never hit with a wielded weapon. You were a pacifist. You did not use tools. You did not use plumbed fixtures. You did not drink any magical draughts. You were illiterate. You never genocided any monsters. You never polymorphed an object. You never changed form. You used no wishes. You never split a pudding. You never wrote Elbereth's name. You never violated your personal moral code. Dungeon overview: The Dungeons of Doom: levels 1 to 13 Level 1 a long staircase Level 2 Level 3 a long staircase Level 4 Level 5 Level 6 Level 7 a general store Level 8 Level 9 Level 10 Level 11 Level 12 Level 13 <- You were here History has recorded: On T:1 you entered the Dungeons of Doom to retrieve the Amulet of Yendor! On T:5 you reached level 2 of The Dungeons of Doom. On T:7 you reached level 3 of The Dungeons of Doom. On T:10 you reached level 4 of The Dungeons of Doom. On T:12 you reached level 5 of The Dungeons of Doom. On T:14 you reached level 6 of The Dungeons of Doom. On T:16 you reached level 7 of The Dungeons of Doom. On T:21 you reached level 9 of The Dungeons of Doom. On T:23 you reached level 10 of The Dungeons of Doom. On T:27 you reached level 11 of The Dungeons of Doom. On T:29 you reached level 12 of The Dungeons of Doom. On T:31 you reached level 13 of The Dungeons of Doom. Score breakdown: Gold: 0 ( 0 points) Experience: 1 level ( 0 points) Exploration: 13 levels ( 360 points) Discoveries: 2 items ( 100 points) Variety of kills: 0 monsters ( 0 points) Major goal: (nothing yet) ( 0 points) Survival: quit (score multiplied by 3) Total score: 1380 Latest messages: As you dig, the hole fills with water! You fall into the water! You sink like a rock. You try to crawl out of the water. Pheew! That was close. You hear some noises in the distance. That command is only available in debug mode. You have no weapon equipped. You start digging downward. The kitten bites! You continue digging downward. You dig a pit in the floor. The kitten bites! (2x) You continue digging downward. As you dig, the hole fills with water! You fall into the water! You sink like a rock. Your darts rust! You try to crawl out of the water. Pheew! That was close. The kitten bites! That command is only available in debug mode. Final status: Aloha omghax the Tourist, quit... You quit in The Dungeons of Doom on dungeon level 13 with 1380 points, and 228 pieces of gold, after 37 moves. You were level 1 with a maximum of 9 hit points when you quit.